AoeStats
← chilthing

Nomad

510960752Analyzed
3v3 RM · 15h ago on Oct 3, 2026· 45m 56s· 6 players
Game mode
Random Map
Map size
210×210
Population
200
Speed
Normal
Resources
Standard
Victory
Conquest
Starting age
Dark Age
Ending age
Imperial Age
RankedLock teamsTeams togetherTeam positionsShared explorationLock speedFull tech treeHidden civsTurbo modeCheats
Victory
Defeat
🇨🇳 Celts · China
889
+16
🇭🇰 Persians · Hong Kong SAR China
885
+17
🇹🇼 Wei · Taiwan
866
+17
🇺🇸 Inca · United States
943
-18
🇩🇪 Varangians · Germany
898
-17
🇵🇱 Chinese · Poland
851
-15
MetaGing
12:10 Loom
14:45 Feudal Age
15:28 Double-Bit Axe
15:27 Horse Collar
16:47 Champi Runner
19:50 Gold Mining
19:53 Stone Mining
23:45 Castle Age
25:43 Wheelbarrow
32:52 Imperial Age
30:32 Scale Mail Armor
31:12 Squires
32:09 Chain Mail Armor
32:34 Forging
32:39 Arson
35:27 Conscription
36:00 Fletching
38:26 Iron Casting
DanNukes
4:23 Loom
Joki
17:40 Feudal Age
18:27 Fishing Lines
18:54 Double-Bit Axe
DangerWashington
5:05 Loom
17:18 Feudal Age
21:36 Castle Age
20:06 Double-Bit Axe
20:04 Horse Collar
20:20 Gold Mining
20:21 Stone Mining
21:17 Forging
21:13 Scale Barding Armor
20:59 Fletching
23:28 Wheelbarrow
24:21 Bow Saw
26:02 Bloodlines
25:53 Husbandry
26:46 Iron Casting
26:39 Heavy Plow
28:03 Chain Barding Armor
28:51 Gold Shaft Mining
28:18 Bodkin Arrow
33:28 Ballistics
33:06 Murder Holes
32:54 Treadmill Crane
39:24 Imperial Age
41:11 Ming Guang Armor
41:07 Conscription
41:16 Caravan
42:56 Blast Furnace
42:22 Heavy Hei Guang Cavalry
43:43 Hand Cart
43:42 Light Cavalry
45:54 Capped Ram
chilthing
10:19 Loom
17:11 Feudal Age
22:01 Double-Bit Axe
23:40 Fishing Lines
23:55 Horse Collar
24:10 Gold Mining
26:24 Castle Age
24:17 Stone Mining
24:59 Forging
24:55 Scale Mail Armor
28:05 Heavy Plow
30:10 Gold Shaft Mining
28:58 Pikeman
29:25 Gambesons
29:58 Bow Saw
33:04 Fletching
34:49 Town Watch
35:40 Wheelbarrow
37:00 Town Patrol
36:49 Arson
37:19 Husbandry
37:38 Chain Mail Armor
37:59 Iron Casting
38:26 Hand Cart
40:55 Stone Shaft Mining
triplefives
9:41 Loom
17:38 Feudal Age
19:44 Wheelbarrow
19:34 Gold Mining
19:53 Double-Bit Axe
22:11 Castle Age
20:19 Fishing Lines
20:48 Stone Mining
21:53 Fletching
23:07 Bow Saw
24:29 Gillnets
25:15 Hand Cart
25:40 Bodkin Arrow
27:33 Stone Shaft Mining
34:30 Imperial Age
32:46 Gold Shaft Mining
32:38 Murder Holes
33:24 Padded Archer Armor
33:35 Forging
35:06 Citadels
35:16 Conscription
36:02 Chemistry
37:11 Two-Man Saw
36:43 Clinker Construction
36:44 Careening
38:41 Iron Casting
38:11 Scale Barding Armor
40:46 Hoardings
Connection lost

Rejoining the realm…

Still unreachable

The connection could not be restored.

Session expired

The server has moved on; the page needs a fresh start.